 Dungeon Crawl Stone Soup version 0.31.0-11-ge490571c62 (webtiles) character file.

Game seed: 951189517382502385

718 qw the Shooter (level 7, -2/35 HPs)
             Began as a Spriggan Hunter on Feb 4, 2024.
             Succumbed to a scorpion's poison
             ... on level 4 of the Dungeon.
             The game lasted 00:00:16 (3851 turns).

qw the Shooter (Spriggan Hunter)                    Turns: 3851, Time: 00:00:16

Health: -2/35      AC:  3    Str: 13    XL:     7   Next: 42%
Magic:  8/8        EV: 27    Int: 11    God:
Gold:   163        SH:  0    Dex: 20    Spells: 6/6 levels left

rFire   . . .        a - +0 shortbow
rCold   . . .        (shield currently unavailable)
rNeg    . . .        c - +0 robe
rPois   .            (helmet restricted)
rElec   .            e - +0 cloak
rCorr   .            (gloves unavailable)
SInv    +            (boots unavailable)
Will    +....        h - amulet of the acrobat
Stlth   ++           f - +5 ring of evasion
HPRegen 0.25/turn    p - +6 ring of strength
MPRegen 0.11/turn

%: acrobat
@: lethally poisoned (-2 -> -16), about to teleport, very quick
A: very small, no large weapons, unfitting armour, see invisible, speed 3
a: no special abilities


You were on level 4 of the Dungeon.
You visited 1 branch of the dungeon, and saw 4 of its levels.

You collected 256 gold pieces.
You spent 93 gold pieces at shops.


Innate Abilities, Weirdness & Mutations

You are very small and have problems with some larger weapons.
You are too small for most types of armour.
You have supernaturally acute eyesight. (SInv)
You cover ground extremely quickly. (Speed+++)


   Skills:
 - Level 2.0 Fighting
 + Level 7.4 Ranged Weapons
 - Level 7.2 Dodging
 - Level 1.5 Stealth


You had 6 spell levels left.
You didn't know any spells.
Your spell library was empty.

Inventory:

Hand Weapons
 a - a +0 shortbow (weapon)
Armour
 c - a +0 robe (worn)
 e - a +0 cloak (worn)
Jewellery
 b - an amulet of reflection
 f - a +5 ring of evasion (left hand)
 h - an amulet of the acrobat (around neck)
 p - a +6 ring of strength (right hand)
Wands
 n - a wand of flame (9)
Scrolls
 o - a scroll of blinking {unknown}
Potions
 d - a potion of resistance
 g - 4 potions of might
 k - a potion of curing
 l - 2 potions of magic {unknown}
 m - a potion of attraction {unknown}
 r - a potion of invisibility {unknown}
 s - a potion of mutation {unknown}

Dungeon Overview and Level Annotations

Branches:
Dungeon (4/15)
 Temple: D:4-7

Altars:
Kikubaaqudgha
Trog

Shops:
D:2 :(*:   D:4 :

Annotations:
D:2 1 runed translucent door, Crazy Yiuf


Message History

The scorpion closely misses you. The scorpion misses you.
You shoot an arrow.
The arrow hits the scorpion but does no damage.
The scorpion is moderately wounded.
The scorpion completely misses you. The scorpion stings you.
You shoot an arrow. The arrow hits the scorpion!
You kill the scorpion!
The scorpion stings you!
You are poisoned.
The scorpion poisons you! The scorpion closely misses you.
You shoot an arrow. The arrow closely misses the scorpion.
You feel very sick. The scorpion completely misses you.
You shoot an arrow. The arrow barely misses the scorpion.
You feel sick. The scorpion stings you.
You are lethally poisoned!
The scorpion poisons you!
You shoot an arrow. The arrow hits the scorpion.
The scorpion is lightly wounded.
You feel very sick. The scorpion misses you.
The scorpion completely misses you.
You shoot an arrow. The arrow hits the scorpion.
The scorpion is moderately wounded.
You feel very sick. The scorpion stings you.
You are more poisoned.
The scorpion poisons you!
You shoot an arrow.
The arrow hits the scorpion but does no damage.
The scorpion is moderately wounded.
You feel very sick. The scorpion completely misses you.
3850 ||| READING scroll of teleportation.
As you read the scroll of teleportation, it crumbles to dust.
You feel strangely unstable.
You feel very sick.
The scorpion stings you but does no damage.
You shoot an arrow. The arrow hits the scorpion.
The scorpion is heavily wounded.
You die...

.....# #.#.^..P.#.#
#############
.....###.#.......##
#.....#......
.....'...##....^.#
#.....#.#####
(....###.####....##
#.....'.# .....#
#.##.......###.....###
)#####
#.##...#....##.....#
.####
#.##)P.#...%######.#
....# #.####.##.##%##
#.# ###.#
##.##..)#^@##..# #.#
###.# #..######s####^#
#.# ....# #.##
.^##..#.## #.######
.######.# ..#.
#..#..###......#
......#.# ## #.
#..##.....####.#
......#.# #
#..###########.#
..)...#.# #..# #....#
....)...### ####..#
#.####
+###......####...).#
#.#


You could see a scorpion.

Vanquished Creatures
  Sigmund (D:2)
  6 scorpions (D:4)
  Jessica (D:2)
  3 gnolls (D:4)
  6 adders
  3 dart slugs
  A ribbon worm (D:2)
  7 orcs
  7 ball pythons
  6 bats
  10 endoplasms
  5 giant cockroaches
  4 goblins
  9 hobgoblins
  7 jackals
  3 quokkas
  3 frilled lizards
  16 kobolds
  8 rats
106 creatures vanquished.

Notes
Turn   | Place    | Note
-------+----------+-------------------------------------------
     0 | D:1      | qw the Spriggan Hunter began the quest for the Orb.
     0 | D:1      | Reached XP level 1. HP: 10/10 MP: 2/2
     0 | D:1      | 0 ||| qw: Version: 0.3-a-160-g6735b56
     0 | D:1      | 0 ||| qw: Game counter: 5024
     0 | D:1      | 0 ||| qw: Melee chars always use a shield: true
     0 | D:1      | 0 ||| qw: God list: Okawaru
     0 | D:1      | 0 ||| qw: Allow faded altars: false
     0 | D:1      | 0 ||| qw: Do Orc after clearing Dungeon:15 true
     0 | D:1      | 0 ||| qw: Do second Lair branch before Depths: true
     0 | D:1      | 0 ||| qw: Lair rune preference: random
     0 | D:1      | 0 ||| qw: Goals: Normal
     0 | D:1      | 0 ||| PLANNING D:1-11
    24 | D:1      | Reached skill level 3 in Dodging
   103 | D:1      | Reached XP level 2. HP: 14/14 MP: 3/3
   312 | D:1      | Reached XP level 3. HP: 18/18 MP: 4/4
   744 | D:1      | 744 ||| UPGRADING to +5 ring of evasion.
   745 | D:1      | 745 ||| READING 2 scrolls labelled PIDUITU FYXIS.
   746 | D:1      | 746 ||| READING scroll labelled ECWUUNUL RUOXEWE.
   747 | D:1      | 747 ||| DROPPING scroll of butterflies.
   748 | D:1      | 748 ||| DROPPING scroll of immolation.
   798 | D:2      | 798 ||| STAIRDANCE
   916 | D:2      | Found Evip's Book Shoppe.
   945 | D:2      | Found a runed translucent door.
   946 | D:2      | Noticed Crazy Yiuf
  1021 | D:2      | Found Tunupaw's Antique Weapon Emporium.
  1037 | D:2      | 1037 ||| SHOPLISTING runed arbalest (210 gold, have 95).
  1044 | D:2      | Noticed Sigmund
  1045 | D:2      | Noticed Jessica
  1063 | D:2      | HP: 2/18 [Sigmund/magic dart (8)]
  1068 | D:2      | Killed Sigmund
  1069 | D:2      | Reached skill level 6 in Dodging
  1069 | D:2      | Reached XP level 4. HP: 4/22 MP: 5/5
  1069 | D:2      | Reached XP level 5. HP: 5/25 MP: 6/6
  1077 | D:2      | Killed Jessica
  1158 | D:2      | Found Ecyos's Assorted Antiques.
  1173 | D:2      | 1173 ||| BUYING amethyst potion (21 gold).
  1173 | D:2      | Bought an amethyst potion for 21 gold pieces
  1173 | D:2      | 1173 ||| BUYING scroll labelled FIOH IDOSU (24 gold).
  1173 | D:2      | Bought a scroll labelled FIOH IDOSU for 24 gold pieces
  1173 | D:2      | 1173 ||| BUYING scroll labelled KIFRYH FIWUWUOM (24 gold).
  1173 | D:2      | Bought a scroll labelled KIFRYH FIWUWUOM for 24 gold pieces
  1173 | D:2      | 1173 ||| BUYING scroll labelled MOMYLO HOUNGORA (24 gold).
  1173 | D:2      | Bought a scroll labelled MOMYLO HOUNGORA for 24 gold pieces
  1388 | D:2      | Reached XP level 6. HP: 30/30 MP: 7/7
  1423 | D:2      | Found Guol Lae's Book Shop.
  1482 | D:2      | Found a faded altar of an unknown god.
  1686 | D:2      | 1686 ||| UPGRADING to +0 cloak.
  1691 | D:2      | 1691 ||| UPGRADING to amulet of the acrobat.
  1696 | D:2      | 1696 ||| UPGRADING to +6 ring of strength.
  1697 | D:2      | 1697 ||| READING 2 scrolls labelled MOMYLO HOUNGORA.
  1798 | D:2      | 1798 ||| READING 2 scrolls labelled BEEQOEL SOJISK.
  1844 | D:2      | 1844 ||| READING scroll labelled FIOH IDOSU.
  1845 | D:2      | 1845 ||| READING 3 scrolls labelled KIFRYH FIWUWUOM.
  1845 | D:2      | 1845 ||| IDENTIFYING bubbling puce potion
  1846 | D:2      | 1846 ||| READING 2 scrolls of identify.
  1846 | D:2      | 1846 ||| IDENTIFYING metallic dark potion
  1847 | D:2      | 1847 ||| READING scroll of identify.
  1847 | D:2      | 1847 ||| IDENTIFYING fizzy golden potion
  1848 | D:2      | 1848 ||| READING scroll labelled OCKAOFF ETWIM.
  1849 | D:2      | 1849 ||| READING scroll labelled WEDEPR XYASEQISM.
  1850 | D:2      | 1850 ||| READING scroll labelled LUACUU TARUUBLIE.
  1851 | D:2      | 1851 ||| DROPPING scroll of vulnerability.
  1853 | D:2      | 1853 ||| Stepping ~*~*~tactically~*~*~ (cloud).
  2056 | D:3      | Found an ancient bone altar of Kikubaaqudgha.
  2501 | D:3      | Found a bloodstained altar of Trog.
  2645 | D:3      | 2645 ||| DROPPING +6 ring of intelligence.
  2646 | D:3      | 2646 ||| DROPPING ring of resist corrosion.
  2647 | D:3      | 2647 ||| DRINKING 2 amethyst potions.
  3041 | D:4      | Reached skill level 6 in Ranged Weapons
  3377 | D:4      | Found Weokh's Book Shop.
  3430 | D:4      | Reached XP level 7. HP: 11/35 MP: 8/8
  3581 | D:4      | HP: 7/35 [poisoned by a scorpion]
  3582 | D:4      | 3582 ||| READING 2 scrolls of teleportation.
  3583 | D:4      | 3583 ||| DRINKING potion of heal wounds.
  3849 | D:4      | HP: 5/35 [poisoned by a scorpion]
  3850 | D:4      | 3850 ||| READING scroll of teleportation.
  3850 | D:4      | HP: 2/35 [poisoned by a scorpion]
  3851 | D:4      | Succumbed to a scorpion's poison

Levels and vault maps discovered:
D:1:      eino_arrival_cavern_d, layout_loops_ring
D:2:      minmay_general_purpose_star, layout_rooms,
          shapermc_ecumenical_altar_petra, serial_shops, shop,
          nicolae_shop_advertising_works [nicolae_subvault_shop_adworks],
          nicolae_shop_tiny_waterfront, nicolae_shop_hallway_plus,
          grunt_decor_fettered, minmay_goblin_kobold_house,
          uniq_crazy_yiuf_cottage, uniq_sigmund, uniq_jessica
D:3:      layout_loops_ring, mainiacjoe_overflow_brackets, trog_book,
          minmay_increasing_density
D:4:      old_forge, layout_basic, serial_shops, nicolae_shop_tiny_glass

Skill      XL: |  1  2  3  4  5  6  7 |
---------------+----------------------+-----
Dodging        | 3 4 6 7 |  7.2
Ranged Weapons | 5 6 7 |  7.4
Fighting       | 2 |  2.0
Stealth        | |  1.5

Action                     |  1- 3 |  4- 6 |  7- 9 || total
---------------------------+-------+-------+-------++-------
   Fire: Shortbow          |   160 |   142 |    65 ||   367
    Use: Scroll            |     2 |     9 |     2 ||    13
         Potion            |       |     1 |     1 ||     2
 Armour: Robe              |    17 |    10 |    13 ||    40
  Dodge: Dodged            |   112 |    64 |    69 ||   245

Table legend:
 A = Non-vault XP
 B = Vault XP
 C = Vault XP percentage of total XP
 D = Non-vault monster count
 E = Vault monster count
 F = Vault count percentage of total count
                 A         B        C        D         E       F
            +---------+---------+-------+---------+---------+-------
      Total |     316 |     711 |  69.2 |      81 |      25 |  23.6
            +---------+---------+-------+---------+---------+-------
        D:1 |      70 |       0 |   0.0 |      40 |       0 |   0.0
        D:2 |      44 |     275 |  86.2 |      10 |      10 |  50.0
        D:3 |      37 |       9 |  19.6 |      14 |       5 |  26.3
        D:4 |     165 |     427 |  72.1 |      17 |      10 |  37.0
            +---------+---------+-------+---------+---------+-------
